Map: Thunderbird LE

Players

Smeeeger - Winner!

  • Race: Zerg Zerg
  • League: Platinum
  • Spawn Location: 11:00

VOD

Have the link to the VOD?

Description

Time

  • Played on: July 26, 2019, 8:08 a.m.
  • Length: 17:49
Show
View Real Time Build Order
Export as new Build Order

Smeeeger Zerg - Winner!

Build Orders:  

Get SALT Encoding   

  12  0:02  Drone  
  13  0:19  Overlord  
  13  0:24  Drone  
  14  0:45  Drone x2  
  16  0:51  Drone  
  17  1:12  Drone  
  17  1:18  Hatchery  
  17  1:24  Drone  
  18  1:32  Extractor  
  17  1:40  Overlord  
  17  1:51  Spawning Pool  
  17  1:56  Drone  
  17  2:06  Drone  
  18  2:23  Drone  
  19  2:58  Queen  
  19  2:59  Zergling x4  
  23  3:03  Queen  
  23  3:04  Zergling x2  
  23  3:07  Drone  
  27  3:29  Drone  
  28  3:36  Drone  
  28  3:37  Drone  
  30  3:45  Overlord  
  30  3:48  Queen  
  32  3:53  Queen  
  34  4:05  Drone x2  
  36  4:10  Drone x2  
  36  4:15  Overlord  
  36  4:17  Metabolic Boost  
  37  4:46  Hatchery  
  36  4:55  Drone, Queen  
  36  4:56  Drone x5  
  36  4:58  Drone  
  45  5:00  Drone  
  46  5:26  Drone, Extractor  
  46  5:27  Drone x2  
  46  5:28  Drone  
  49  5:35  Overlord x2  
  49  5:36  Overlord  
  49  6:04  Drone, Extractor  
  49  6:05  Drone x3  
  49  6:08  Drone  
  53  6:10  Drone  
  53  6:11  Zergling x4  
  53  6:12  Zergling x2  
  57  6:34  Roach Warren  
  57  6:36  Evolution Chamber  
  57  6:37  Drone x4  
  57  6:38  Queen  
  61  6:41  Queen  
  61  6:43  Lair  
  63  6:59  Drone x3  
  43  7:00  Drone x2  
  66  7:01  Overlord x2  
  66  7:04  Drone  
  69  7:25  Drone  
  69  7:26  Drone x3  
  69  7:28  Queen  
  75  7:31  Roach x4, Queen  
  85  7:49  Drone x2  
  87  7:50  Drone  
  87  7:52  Glial Reconstitution, Zerg Missile Weapons Level 1  
  87  7:57  Drone  
  49  8:00  Drone x4  
  89  8:01  Drone  
  89  8:02  Overlord  
  94  8:30  Extractor  
  94  8:31  Spore Crawler  
  94  8:32  Extractor  
  94  8:33  Drone x2  
  94  8:34  Spore Crawler  
  94  8:37  Spore Crawler  
  94  8:39  Roach x4  
  99  8:40  Roach x3  
  99  8:43  Overlord x2  
  99  8:44  Overlord x4  
  105  9:05  Pneumatized Carapace  
  105  9:22  Roach x7  
  105  9:23  Roach x7  
  135  9:35  Drone x2  
  135  9:37  Drone  
  138  10:08  Roach x4  
  138  10:09  Roach x3  
  152  10:14  Drone  
  152  10:18  Evolution Chamber  
  152  10:22  Drone  
  152  10:26  Overlord  
  152  10:27  Overlord x4  
  153  10:30  Overseer x2  
  153  10:35  Extractor  
  152  10:40  Drone  
  152  10:48  Baneling Nest  
  152  11:03  Roach x3  
  152  11:04  Roach x9  
  176  11:15  Hydralisk Den  
  176  11:17  Zerg Ground Armor Level 1  
  176  11:19  Infestation Pit  
  169  12:07  Zerg Missile Weapons Level 2  
  169  12:08  Hydralisk  
  169  12:09  Hydralisk x3  
  177  12:13  Overlord x2  
  177  12:37  Hatchery, Drone x2  
  177  12:38  Drone  
  177  12:39  Centrifical Hooks  
  179  12:41  Hatchery x2  
  177  13:05  Extractor  
  176  13:11  Spine Crawler, Extractor  
  176  13:14  Spine Crawler  
  173  13:34  Infestor  
  173  13:35  Infestor x4  
  173  13:39  Burrow  
  183  13:44  Unknown  
  183  13:55  Hatchery  
  183  13:57  Extractor  
  181  14:27  Spire  
  180  14:31  Neural Parasite  
  180  14:59  Drone x3  
  91  15:00  Drone x7  
  183  15:08  Hive  
  190  15:24  Unknown  
  158  15:58  Hydralisk  
  158  15:59  Hydralisk x18  
  194  17:16  Hydralisk  
Tags
 
Add a new tag
Caveats
  • Supply blocks, unpowered buildings, or Contaminate may cause inaccurate times.
  • Supply counts are checked every 10 seconds.